AoeStats
← FingerDash_262

Nomad

507722503Analyzed
3v3 RM · 13d ago on Sep 19, 2026· 37m 41s· 6 players
Game mode
Random Map
Map size
210×210
Population
200
Speed
Normal
Resources
Standard
Victory
Conquest
Starting age
Dark Age
Ending age
Imperial Age
RankedLock teamsTeams togetherTeam positionsShared explorationLock speedFull tech treeHidden civsTurbo modeCheats
Victory
Defeat
🇺🇸 Maya · United States
1408
+9
🇭🇰 Persians · Hong Kong SAR China
1252
+16
🇩🇪 Dravidians · Germany
1239
+16
🇧🇷 Burmese · Brazil
1440
-21
🇧🇷 Goths · Brazil
1206
-12
🇧🇷 Huns · Brazil
1094
-8
SirT_LaGzero
4:37 Loom
13:52 Feudal Age
17:45 Wheelbarrow
21:24 Castle Age
19:20 Gold Mining
22:16 Double-Bit Axe
23:46 Bow Saw
24:27 Medium Warships
25:39 Town Watch
36:31 Bloodlines
36:41 Horse Collar
38:01 Scale Barding Armor
38:07 Forging
FingerDash_262
4:27 Loom
12:43 Feudal Age
13:14 Man-at-Arms
15:03 Wheelbarrow
16:13 Fletching
19:30 Padded Archer Armor
23:34 Castle Age
32:02 Scale Barding Armor
34:13 Forging
SirT_Hanomontano
11:30 Loom
13:46 Feudal Age
14:27 Town Watch
19:09 Castle Age
16:54 Horse Collar
19:22 Pikeman
29:55 Scale Mail Armor
30:06 Forging
31:32 Wheelbarrow
31:49 Chain Mail Armor
32:09 Iron Casting
37:41 Fletching
dl_cucga
4:28 Loom
13:39 Feudal Age
18:06 Castle Age
16:07 Double-Bit Axe
16:48 Horse Collar
17:00 Fletching
16:51 Fishing Lines
20:41 Gillnets
22:17 Bodkin Arrow
22:34 Padded Archer Armor
26:32 Bow Saw
27:27 Ballistics
33:46 Imperial Age
34:17 Wheelbarrow
35:03 Bracer
37:32 Chemistry
38:01 Thumb Ring
38:19 Squires
cheung1993
12:54 Feudal Age
13:58 Loom
16:53 Castle Age
14:43 Double-Bit Axe
16:13 Scale Barding Armor
16:20 Gold Mining
16:15 Horse Collar
17:21 Bloodlines
17:23 Forging
17:31 Bow Saw
19:15 Fishing Lines
21:51 Husbandry
24:49 Iron Casting
24:54 Wheelbarrow
29:48 Chain Barding Armor
31:55 Hand Cart
32:13 Light Cavalry
37:11 Imperial Age
37:49 Gold Shaft Mining
37:06 Cavalier
37:26 Hussar
otherguy
6:58 Loom
14:52 Feudal Age
20:32 Double-Bit Axe
23:42 Castle Age
25:18 Medium Warships
30:01 Fletching
30:12 Padded Archer Armor
32:16 Leather Archer Armor
32:50 Horse Collar
35:03 Bodkin Arrow
35:24 Fishing Lines
36:56 Wheelbarrow
38:07 Gold Mining
Connection lost

Rejoining the realm…

Still unreachable

The connection could not be restored.

Session expired

The server has moved on; the page needs a fresh start.